AoeStats
← Preda

Arena

510024449Analyzed
3v3 RM · 4d ago on Sep 29, 2026· 53m 12s· 6 players
Game mode
Random Map
Map size
Normal (6 player)
Population
200
Speed
Normal
Resources
Standard
Victory
Conquest
Starting age
Dark Age
Ending age
Imperial Age
RankedLock teamsTeams togetherTeam positionsShared explorationLock speedFull tech treeHidden civsTurbo modeCheats
Victory
Defeat
🇵🇪 Portuguese · Peru
1203
+15
🇵🇪 Lithuanians · Peru
1170
+16
🇲🇽 Danes · Mexico
1105
+19
🇨🇳 Bohemians · China
1192
-17
🇵🇹 Armenians · Portugal
1176
-17
🇲🇽 Portuguese · Mexico
1155
-16
Preda
11:13 Feudal Age
9:30 Loom
11:58 Double-Bit Axe
15:04 Castle Age
16:28 Bow Saw
21:17 Wheelbarrow
23:20 Sanctity
23:46 Horse Collar
28:54 Imperial Age
26:37 Gold Mining
26:53 Fletching
30:03 Hand Cart
29:43 Stone Mining
30:59 Bodkin Arrow
32:33 Chemistry
31:20 Town Watch
34:56 Bracer
35:35 Thumb Ring
39:04 Stone Shaft Mining
38:51 Masonry
42:23 Crossbowman
43:47 Town Patrol
43:36 Arbalester
45:26 Ballistics
45:36 Architecture
darkdavixi
3:06 Loom
10:46 Feudal Age
14:43 Castle Age
13:54 Man-at-Arms
14:36 Double-Bit Axe
14:52 Horse Collar
22:05 Long Swordsman
23:08 Heavy Plow
28:22 Bow Saw
34:21 Town Watch
35:05 Light Cavalry
35:57 Bloodlines
35:48 Husbandry
37:11 Scale Barding Armor
37:17 Forging
38:16 Chain Barding Armor
40:45 Wheelbarrow
40:11 Town Patrol
44:10 Imperial Age
42:04 Masonry
42:15 Ballistics
42:32 Two-Handed Swordsman
42:59 Gambesons
43:15 Squires
43:00 Arson
44:20 Hand Cart
43:33 Champion
44:36 Forging
44:27 Scale Mail Armor
44:16 Capped Ram
44:24 Capped Ram
46:09 Siege Ram
47:15 Chain Mail Armor
47:03 Gold Mining
47:03 Stone Mining
46:51 Pikeman
49:56 Plate Mail Armor
50:01 Iron Casting
50:16 Halberdier
2263430749
9:01 Loom
11:10 Feudal Age
11:45 Double-Bit Axe
11:44 Horse Collar
18:38 Castle Age
21:18 Chemistry
20:33 Padded Archer Armor
21:14 Bow Saw
34:26 Imperial Age
39:50 Fortified Wall
39:46 Siege Engineers
39:09 Houfnice
40:07 Light Cavalry
44:03 Husbandry
dantealhz
0:34 Loom
11:31 Feudal Age
16:14 Castle Age
15:15 Double-Bit Axe
15:20 Horse Collar
16:00 Town Watch
16:08 Gold Mining
18:30 Fervor
23:05 Stone Mining
30:10 Wheelbarrow
31:18 Gold Shaft Mining
31:23 Stone Shaft Mining
30:54 Heavy Plow
37:08 Imperial Age
36:03 Bow Saw
36:15 Masonry
36:01 Murder Holes
36:43 Elite Skirmisher
37:28 Thumb Ring
37:19 Onager
37:58 Northmen's Fury
38:59 Conscription
39:43 Chemistry
38:46 Fletching
38:57 Padded Archer Armor
39:39 Hoardings
39:34 Hand Cart
39:36 Hamask
40:34 Forging
40:25 Scale Mail Armor
40:42 Leather Archer Armor
41:24 Siege Onager
42:50 Iron Casting
42:35 Chain Mail Armor
43:17 Ballistics
43:12 Siege Engineers
44:21 Blast Furnace
42:50 Pikeman
44:33 Squires
44:19 Arson
46:41 Plate Mail Armor
46:06 Bodkin Arrow
46:42 Ring Archer Armor
46:17 Heavy Scorpion
46:55 Halberdier
52:46 Elite Jomsviking
52:53 Capped Ram
MAX CESAR
11:19 Feudal Age
16:03 Castle Age
14:03 Horse Collar
14:11 Double-Bit Axe
14:19 Stone Mining
15:07 Loom
17:25 Bow Saw
20:09 Horse Collar
27:14 Wheelbarrow
37:45 Imperial Age
35:32 Hand Cart
38:26 Town Watch
41:12 Pikeman
43:01 Halberdier
43:53 Forging
43:43 Scale Mail Armor
43:19 Capped Ram
43:50 Arson
44:28 Town Patrol
49:34 Man-at-Arms
49:59 Gambesons
51:02 Iron Casting
50:43 Chain Mail Armor
50:54 Long Swordsman
52:37 Blast Furnace
52:14 Two-Handed Swordsman
Thanatos
5:25 Loom
10:29 Feudal Age
14:49 Castle Age
12:58 Double-Bit Axe
14:44 Horse Collar
21:42 Bow Saw
29:36 Heavy Plow
30:40 Scale Barding Armor
30:46 Forging
30:39 Husbandry
30:50 Bloodlines
31:00 Gold Mining
31:43 Redemption
33:29 Light Cavalry
37:13 Imperial Age
39:12 Chain Barding Armor
39:27 Iron Casting
42:01 Stone Mining
44:05 Scale Mail Armor
44:13 Man-at-Arms
45:13 Chain Mail Armor
45:33 Plate Barding Armor
46:41 Long Swordsman
46:42 Long Swordsman
51:19 Crop Rotation
50:15 Cavalier
Connection lost

Rejoining the realm…

Still unreachable

The connection could not be restored.

Session expired

The server has moved on; the page needs a fresh start.